Map: Dusk Towers

Players

Vatnik - Winner!

  • Race: Protoss Protoss
  • League: Diamond

blackxored

  • Race: Zerg Zerg
  • League: Diamond

VOD

Have the link to the VOD?

Description

Time

  • Played on: June 19, 2016, 6:53 p.m.
  • Length: 21:17
Show
View Real Time Build Order
Export as new Build Order

Vatnik Protoss - Winner!

Build Orders: 1 Gate Expand 

Get SALT Encoding   

  12  0:03  Probe (Chrono Boost)  
  13  0:14  Probe (Chrono Boost)  
  14  0:20  Pylon  
  14  0:24  Probe (Chrono Boost)  
  15  0:38  Probe (Chrono Boost)  
  16  0:48  Gateway  
  16  0:55  Probe (Chrono Boost)  
  17  0:58  Assimilator  
  17  1:05  Probe (Chrono Boost)  
  18  1:18  Pylon  
  18  1:34  Nexus  
  18  1:39  Cybernetics Core  
  18  1:43  Pylon  
  18  1:50  Pylon  
  18  2:02  Probe (Chrono Boost)  
  19  2:12  Probe (Chrono Boost)  
  20  2:15  Adept  
  22  2:23  Probe (Chrono Boost)  
  23  2:34  Warp Gate  
  23  2:44  Assimilator  
  23  2:59  Forge  
  23  3:01  Adept  
  25  3:16  Pylon  
  25  3:17  Mothership Core (Chrono Boost)  
  27  3:28  Probe (Chrono Boost)  
  27  3:33  Photon Cannon  
  28  3:38  Probe (Chrono Boost)  
  29  3:49  Stalker, Probe (Chrono Boost)  
  31  3:59  Probe (Chrono Boost)  
  33  4:10  Probe (Chrono Boost)  
  33  4:17  Robotics Facility  
  33  4:22  Photon Cannon  
  33  4:25  Photon Cannon  
  33  4:38  Photon Cannon  
  33  4:40  Assimilator  
  33  4:46  Assimilator  
  33  5:26  Immortal  
  37  5:29  Probe (Chrono Boost)  
  38  5:37  Gateway  
  38  5:38  Gateway  
  38  5:39  Probe (Chrono Boost)  
  39  5:43  Adept  
  42  5:50  Probe (Chrono Boost)  
  42  6:00  Probe (Chrono Boost)  
  43  6:05  Immortal  
  47  6:28  Probe (Chrono Boost)  
  47  6:30  Stalker  
  50  6:38  Probe (Chrono Boost)  
  51  6:44  Observer  
  52  6:48  Protoss Ground Weapons Level 1  
  52  6:49  Probe (Chrono Boost)  
  53  6:57  Pylon  
  53  6:58  Pylon  
  53  6:59  Probe (Chrono Boost)  
  52  7:06  Observer  
  53  7:10  Probe (Chrono Boost)  
  53  7:44  Observer  
  51  7:57  Probe (Chrono Boost)  
  53  8:05  Observer  
  53  8:06  Probe (Chrono Boost)  
  53  8:07  Probe (Chrono Boost)  
  55  8:17  Probe (Chrono Boost)  
  55  8:18  Probe (Chrono Boost)  
  57  8:27  Probe (Chrono Boost)  
  57  8:28  Probe (Chrono Boost)  
  59  8:38  Probe (Chrono Boost)  
  59  8:39  Probe (Chrono Boost)  
  59  8:40  Pylon  
  61  8:44  Adept x2  
  61  8:45  Adept  
  67  8:49  Protoss Ground Armor Level 1  
  67  9:08  Nexus  
  67  9:19  Stargate  
  67  9:21  Stargate  
  67  9:23  Stargate  
  67  9:24  Stargate  
  67  9:28  Pylon  
  67  9:29  Photon Cannon  
  67  9:30  Photon Cannon  
  67  9:31  Pylon, Photon Cannon  
  67  9:33  Pylon, Photon Cannon  
  67  9:36  Probe (Chrono Boost)  
  68  9:46  Nexus  
  68  9:47  Probe (Chrono Boost)  
  69  9:55  Sentry  
  69  9:56  Sentry x2  
  69  9:57  Probe (Chrono Boost)  
  76  10:04  Fleet Beacon  
  76  10:08  Void Ray x2, Probe (Chrono Boost)  
  76  10:09  Void Ray x2  
  93  10:18  Probe (Chrono Boost)  
  94  10:29  Cybernetics Core, Probe (Chrono Boost)  
  94  10:32  Assimilator  
  95  10:37  Assimilator  
  95  10:41  Probe x3 (Chrono Boost)  
  98  11:01  Phoenix x4  
  98  11:03  Anion Pulse-Crystals  
  106  11:19  Probe (Chrono Boost)  
  106  11:20  Probe x2 (Chrono Boost)  
  106  11:21  Probe (Chrono Boost)  
  110  11:26  Phoenix  
  110  11:27  Phoenix  
  110  11:29  Probe (Chrono Boost)  
  110  11:31  Protoss Air Weapons Level 1, Probe x3 (Chrono Boost)  
  112  11:40  Phoenix x2, Probe (Chrono Boost)  
  112  11:41  Probe (Chrono Boost)  
  112  11:46  Protoss Shields Level 1  
  118  11:50  Probe (Chrono Boost)  
  116  12:01  Probe (Chrono Boost)  
  109  12:26  Probe (Chrono Boost)  
  109  12:27  Probe x3 (Chrono Boost)  
  109  13:15  Phoenix x3  
  109  13:16  Phoenix  
  117  13:21  Stalker x3  
  122  13:45  Gateway  
  122  13:46  Gateway  
  122  13:47  Gateway  
  122  13:49  Gateway  
  122  13:51  Gateway  
  122  13:52  Protoss Air Armor Level 1 (Chrono Boost)  
  122  13:55  Gateway  
  122  13:57  Gateway  
  122  13:58  Gateway  
  122  14:00  Gateway  
  122  14:04  Stalker x3  
  128  14:23  Pylon  
  128  14:24  Pylon  
  128  14:26  Warp Prism  
  128  14:30  Assimilator  
  130  14:35  Assimilator  
  129  14:53  Phoenix x2  
  129  14:55  Stalker x4  
  129  14:56  Stalker x2  
  129  14:57  Stalker  
  129  14:58  Stalker  
  129  14:59  Stalker  
  124  15:34  Protoss Air Weapons Level 2 (Chrono Boost)  
  118  16:13  Adept x5  
  118  16:14  Adept x2  
  118  16:15  Adept x2  
  136  16:33  Photon Cannon  
  136  16:34  Photon Cannon x2  
  136  16:37  Photon Cannon  
  136  16:38  Photon Cannon  
  136  16:39  Photon Cannon x2  
  136  16:40  Photon Cannon  
  136  16:43  Photon Cannon  
  136  16:47  Nexus  
  136  16:57  Nexus  
  136  17:05  Adept  
  136  17:06  Adept x5  
  148  17:18  Twilight Council  
  148  17:25  Nexus  
  148  17:35  Gateway  
  148  17:36  Gateway  
  148  17:39  Gateway  
  148  17:43  Gateway  
  148  17:53  Pylon  
  148  17:55  Pylon  
  148  17:57  Pylon  
  148  17:59  Pylon  
  148  18:04  Pylon  
  148  18:05  Pylon, Resonating Glaives (Chrono Boost)  
  148  18:07  Pylon  
  148  18:08  Pylon  
  148  18:11  Pylon  
  148  18:13  Assimilator  
  148  18:19  Stalker x4, Assimilator  
  156  18:20  Stalker x4  
  156  18:21  Stalker x4  
  156  18:24  Protoss Shields Level 2  
  172  19:02  Stalker x4  
  178  19:03  Stalker x7  
  178  19:04  Stalker  
  180  19:38  Stalker x5  
  168  19:39  Stalker  
  168  19:42  Adept  
  168  19:43  Adept x2  
  148  20:07  Adept x6  
  148  20:08  Adept x3  
  158  20:34  Assimilator  
  156  20:38  Assimilator  
  156  20:44  Adept, Assimilator  
  156  20:45  Adept x5  
  156  20:46  Adept x7  
  156  20:47  Adept  
  156  20:49  Assimilator  
Show
View Real Time Build Order
Export as new Build Order

blackxored Zerg 

Build Orders: 3 Hatch before Pool 

Get SALT Encoding   

  12  0:02  Drone  
  13  0:08  Drone  
  14  0:19  Overlord  
  14  0:23  Extractor  
  14  0:24  Drone  
  15  0:49  Hatchery  
  14  0:52  Drone  
  15  1:27  Hatchery  
  15  1:32  Spawning Pool  
  13  1:46  Drone x3  
  16  1:50  Extractor  
  15  2:34  Queen  
  17  2:43  Zergling x2  
  18  2:44  Queen  
  20  2:57  Drone x3  
  23  3:00  Drone x2  
  23  3:01  Drone  
  23  3:03  Zergling x2  
  23  3:04  Zergling x2  
  28  3:15  Drone  
  28  3:17  Overlord  
  29  3:27  Zergling x4  
  31  3:39  Zergling x2  
  31  3:40  Zergling x4  
  31  3:58  Zergling x2  
  32  4:08  Queen  
  33  4:20  Drone x5  
  39  4:24  Drone x3  
  39  4:28  Zergling x2  
  39  4:31  Overlord  
  42  4:51  Zergling x6  
  39  5:26  Metabolic Boost  
  39  5:28  Drone x3  
  41  5:30  Drone  
  41  5:31  Drone x5  
  47  5:36  Queen  
  48  5:47  Zergling x4  
  48  6:12  Drone x2  
  48  6:15  Extractor, Lair  
  48  6:17  Extractor  
  48  6:20  Extractor  
  48  6:25  Zergling x6  
  49  6:28  Hatchery  
  42  7:20  Overlord  
  40  7:31  Spire, Drone x2  
  40  7:32  Drone  
  40  7:33  Overlord  
  40  7:34  Overlord x3  
  42  7:40  Drone x5  
  42  7:41  Drone x2  
  47  8:09  Drone x2  
  47  8:10  Evolution Chamber  
  47  8:11  Zergling x16, Evolution Chamber  
  55  8:18  Extractor  
  55  8:19  Baneling Nest, Drone  
  54  8:20  Extractor  
  54  8:27  Drone x2  
  55  8:28  Drone  
  55  8:30  Drone x2  
  55  8:31  Drone  
  59  8:42  Drone x4  
  59  8:44  Queen  
  65  8:50  Overlord  
  65  8:52  Queen  
  67  8:58  Mutalisk  
  67  8:59  Mutalisk x5  
  78  9:04  Mutalisk  
  80  9:11  Zergling x4  
  80  9:14  Baneling x5  
  80  9:16  Mutalisk x3  
  88  9:33  Overlord x2  
  88  9:37  Zerg Flyer Weapons Level 1  
  88  9:49  Queen  
  88  9:52  Mutalisk x7  
  96  9:53  Mutalisk  
  96  9:58  Pneumatized Carapace  
  106  10:16  Infestation Pit, Zerg Melee Weapons Level 1, Zerg Ground Armor Level 1  
  106  10:20  Overlord x5  
  106  10:21  Overlord  
  105  10:23  Drone  
  106  10:41  Drone x5  
  106  10:42  Drone x8  
  119  10:47  Overseer  
  119  10:49  Hatchery  
  118  10:53  Spine Crawler  
  118  10:54  Spine Crawler  
  118  10:55  Spine Crawler x3  
  118  10:56  Spine Crawler x4  
  109  10:58  Spine Crawler x2  
  109  11:00  Spine Crawler  
  109  11:01  Spine Crawler  
  105  11:04  Spine Crawler  
  105  11:05  Drone x6  
  105  11:08  Drone x2  
  105  11:09  Drone  
  113  11:15  Mutalisk  
  115  11:40  Zergling x18  
  115  11:42  Hive  
  108  12:11  Mutalisk x8  
  108  12:23  Zerg Melee Weapons Level 2  
  108  12:24  Zerg Ground Armor Level 2  
  108  12:29  Drone x4  
  106  12:41  Spore Crawler  
  106  12:43  Spore Crawler  
  94  12:45  Mutalisk x6  
  100  13:01  Greater Spire  
  100  13:04  Spore Crawler  
  100  13:05  Spore Crawler  
  92  13:14  Drone x2  
  92  13:15  Drone x5  
  99  13:20  Queen  
  101  13:27  Drone x9  
  110  13:46  Extractor, Drone  
  110  13:47  Drone x4, Hatchery  
  110  13:48  Extractor x2  
  112  13:49  Extractor  
  112  13:50  Drone  
  110  14:03  Drone  
  110  14:04  Drone x6  
  110  14:05  Drone  
  118  14:10  Hatchery  
  118  14:14  Adrenal Glands  
  114  14:18  Zergling x16  
  114  14:20  Baneling x5  
  114  14:21  Baneling x6  
  114  14:22  Baneling x3  
  122  14:26  Centrifical Hooks  
  122  14:49  Zergling x22  
  122  14:50  Zergling x6  
  119  15:05  Queen x3  
  115  15:17  Spore Crawler  
  115  15:18  Spore Crawler  
  110  15:32  Hydralisk Den  
  101  15:37  Zergling x22  
  110  15:48  Spore Crawler  
  109  15:55  Queen x3  
  110  16:01  Queen  
  109  16:22  Viper x4  
  121  16:37  Zerg Melee Weapons Level 3  
  121  16:39  Zerg Ground Armor Level 3  
  121  16:42  Drone x2  
  108  17:11  Corruptor x6  
  120  17:24  Hatchery  
  119  17:38  Muscular Augments  
  119  17:42  Corruptor x3  
  125  17:45  Zergling x8  
  125  17:48  Baneling  
  129  18:08  Corruptor x3  
  129  18:09  Corruptor x2  
  139  18:14  Infestor  
  139  18:15  Infestor  
  139  18:18  Infestor  
  145  18:28  Corruptor x2  
  145  18:32  Brood Lord  
  151  18:44  Spore Crawler  
  150  18:51  Extractor, Drone x3  
  150  18:53  Extractor  
  150  18:54  Drone x5  
  150  18:55  Drone x2  
  158  19:01  Corruptor x2  
  160  19:06  Brood Lord  
  160  19:07  Brood Lord  
  164  19:11  Brood Lord  
  132  19:40  Zergling x30  
  132  19:41  Zergling x10  
  140  19:54  Corruptor x3  
  140  19:55  Corruptor x2  
  102  20:09  Zergling x14  
  102  20:21  Zergling x8  
  80  20:36  Zergling x2  
  80  20:37  Zergling x10  
  86  20:47  Hydralisk x4  
Tags
 
Add a new tag
Caveats
  • Supply blocks, unpowered buildings, or Contaminate may cause inaccurate times.
  • Supply counts are checked every 10 seconds.